 Dungeon Crawl Stone Soup version 0.21-a0-396-ga924934 (webtiles) character file.

22 Moloch the Skirmisher (level 2, -1/24 HPs)
             Began as a Mummy Fighter on Oct 20, 2017.
             Slain by a giant cockroach (2 damage)
             ... on level 1 of the Dungeon.
             The game lasted 00:00:29 (76 turns).

Moloch the Skirmisher (Mummy Fighter)                 Turns: 76, Time: 00:00:30

Health: -1/24      AC:  6    Str: 19    XL:     2   Next: 68%
Magic:  2/2        EV:  7    Int:  7    God:
Gold:   0          SH:  8    Dex: 11    Spells: 1/1 levels left

rFire    x . .     SeeInvis .   a - +0 trident
rCold    + . .     Gourm    .   c - +0 shield
rNeg     + + +     Faith    .   b - +0 scale mail
rPois    ∞         Spirit   .   (no helmet)
rElec    .         Reflect  .   (no cloak)
rCorr    .         Harm     .   (no gloves)
MR       .....                  (no boots)
Stlth    ..........             (no amulet)
HPRegen  0.08/turn              (no ring)
MPRegen  0.08/turn              (no ring)

@: no status effects
A: no food or potions, fire vulnerability, cold resistance 1, negative energy
resistance 3, torment resistance, unbreathing
a: no special abilities


You were on level 1 of the Dungeon.
You were not hungry.

You visited 1 branch of the dungeon, and saw 1 of its levels.

Inventory:

Hand Weapons
 a - a +0 trident (weapon)
Armour
 b - a +0 scale mail (worn)
 c - a +0 shield (worn)
Scrolls
 d - a scroll of identify {unknown}


   Skills:
 * Level 3.3 Fighting
 + Level 2.4 Polearms
 - Level 2.4 Armour
 - Level 2.4 Shields


You had one spell level left.
You didn't know any spells.

Dungeon Overview and Level Annotations

Branches:
Dungeon (1/15)

Altars:


Innate Abilities, Weirdness & Mutations

You do not eat or drink.
Your flesh is vulnerable to fire.
You are immune to poison.
Your flesh is cold resistant. (rC+)
You are immune to negative energy. (rN+++)
You are immune to unholy pain and torment.
You can survive without breathing.


Message History

You are no longer corroded.
The bat hits you but does no damage. The bat hits you but does no damage.
You block the bat's attack. You block the bat's attack.
The bat closely misses you.
A giant cockroach comes into view.
The bat hits you but does no damage. The bat hits you but does no damage.
The bat hits you.
* * * LOW HITPOINT WARNING * * *
You closely miss the giant cockroach. You block the bat's attack.
The giant cockroach bites you but does no damage. x2
You completely miss the giant cockroach.
You block the bat's attack. The giant cockroach bites you.
* * * LOW HITPOINT WARNING * * *
The bat hits you but does no damage.
Your shield and scale mail prevent you from hitting the giant cockroach.
The bat hits you but does no damage. The giant cockroach bites you.
You die...

#+# #.##
##########..#
......s@bJr.#
###############..#
#.............#.r#
#.............#..#
#........... .#..#
#######†#######..#
#.............#..#
+⌠....###....⌠+..#
#......w......#..#


You could see a jelly, a giant cockroach, a bat and a rat.

Vanquished Creatures
  3 oozes (D:1)
  2 giant cockroaches (D:1)
  A goblin (D:1)
  A hobgoblin (D:1)
  3 rats (D:1)
10 creatures vanquished.

Notes
Turn   | Place    | Note
-------+----------+-------------------------------------------
     0 | D:1      | Moloch the Mummy Fighter began the quest for the Orb.
     0 | D:1      | Reached XP level 1. HP: 18/18 MP: 1/1
     1 | D:1      | Found a runed door.
     4 | D:1      | Noticed a jelly
    29 | D:1      | Reached XP level 2. HP: 23/24 MP: 2/2
    50 | D:1      | HP: 1/24 [acid (5)]
    75 | D:1      | HP: 1/24 [giant cockroach (1)]
    76 | D:1      | Slain by a giant cockroach

Vault maps used:
D:1:      dpeg_arrival_caged_fury

Skill      XL: |  1 |
---------------+----+-----
Polearms       | 2 |  2.4
Fighting       | |  3.3
Armour         | |  2.4
Shields        | |  2.4

Action                   || total
-------------------------++-------
Melee: Trident           ||    38
Armor: Scale mail        ||    19
Dodge: Dodged            ||    13
Block: Shield            ||    16

Table legend:
 A = Spawn XP
 B = Non-spawn XP
 C = Spawn XP percentage of total XP
 D = Spawn monster count
 E = Non-spawn monster count
 F = Spawn count percentage of total count
 G = Total turns spent on level
                    A         B        C        D         E        F      G
               +---------+---------+-------+---------+---------+-------+---------
         Total |       0 |      32 |   0.0 |       0 |      10 |   0.0 |    76
               +---------+---------+-------+---------+---------+-------+---------
           D:1 |       0 |      32 |   0.0 |       0 |      10 |   0.0 |    76
               +---------+---------+-------+---------+---------+-------+---------
